 Seeded DCSS version 0.29.1-1-gd02db6906a (webtiles) character file.

Game seed: 11755021972338150004 (custom seed)

86 lonewolfV2 the Sneak (level 4, -4/18 HPs)
             Began as a Felid Venom Mage on Oct 20, 2022.
             Killed from afar by Robin (6 damage)
             ... with a puff of flame
             ... on level 3 of the Dungeon.
             The game lasted 00:06:42 (3246 turns).

lonewolfV2 the Sneak (Felid Venom Mage)             Turns: 3246, Time: 00:06:43

Health: -4/18      AC:  1    Str:  4    XL:     4   Next: 26%
Magic:  7/9        EV: 18    Int: 18    God:
Gold:   103        SH:  0    Dex: 17    Spells: 1/8 levels left
                                        Lives:  0   Deaths: 1

rFire   . . .      SeeInvis +   (weapon unavailable)
rCold   + . .      Faith    .   (shield unavailable)
rNeg    . . .      Spirit   .   (body armour unavailable)
rPois   .          Reflect  .   (helmet unavailable)
rElec   .          Harm     .   (cloak unavailable)
rCorr   .          Rampage  .   (gloves unavailable)
Will    .....                   (boots unavailable)
Stlth   +++.......              (no amulet)
HPRegen 0.06/turn               c - ring of protection from cold
MPRegen 0.11/turn               (no ring)

@: quick
A: very small, claws 1, fangs 3, see invisible, speed 1, shaggy fur 1, stealthy
paws, no weapons or thrown items, no armour, multi-lived
a: no special abilities


You were on level 3 of the Dungeon.
You visited 1 branch of the dungeon, and saw 3 of its levels.

You collected 103 gold pieces.

Inventory:

Jewellery
 c - a ring of protection from cold (left paw)
Scrolls
 f - 2 scrolls of enchant armour {unknown}
 h - 2 scrolls of identify {unknown}
Potions
 b - a potion of degeneration {unknown}
 d - a potion of heal wounds {unknown}
 e - a potion of curing {unknown}
 g - a potion of lignification {unknown}
 i - a potion of attraction {unknown}


   Skills:
 + Level 3.7 Dodging
 + Level 4.0 Stealth
 + Level 2.7 Spellcasting
 + Level 2.3 Transmutations
 * Level 3.7 Poison Magic


You had one spell level left.
You knew the following spells:

 Your Spells              Type           Power      Damage    Failure   Level
a - Sting                 Tmut/Pois      52%        1d5       4%          1
b - Poisonous Vapours     Pois/Air       18%        N/A       12%         2
c - Olgreb's Toxic Radia  Pois           15%        N/A       36%         4

Your spell library contained the following spells:

 Spells                   Type           Power      Damage    Failure   Level
 Mephitic Cloud           Conj/Pois/Air  6%         N/A       30%         3
 Call Canine Familiar     Summ           2%         N/A       45%         3
 Leda's Liquefaction      Hex/Erth       1%         N/A       86%         4
 Portal Projectile        Hex/Tloc       Unusable   N/A       N/A         3

Dungeon Overview and Level Annotations

Branches:
Dungeon (3/15)

Altars:

Annotations:
D:3 Robin, Sigmund


Innate Abilities, Weirdness & Mutations

You have sharp claws.
You have razor-sharp teeth.
You have supernaturally acute eyesight. (SInv)
You cover ground quickly. (Speed+)
You are covered in fur. (AC +1)
Your paws help you pounce on unaware monsters.
You are incapable of wielding weapons or throwing items.
You cannot wear armour.
You gain extra lives every three experience levels.


Message History

Casting: Sting (safe; 4% risk of failure)
Confirm with . or Enter, or press ? or * to list all spells.
Aiming: Sting (safe; 4% risk of failure)
Press: ? - help, Shift-Dir - straight line, f/p - goblin
Aim: a goblin, wielding a +0 club (severely wounded, poisoned, 64% to hit)
The sting hits the goblin.
The goblin looks even sicker.
You kill the goblin!
Casting: Sting (safe; 4% risk of failure)
Confirm with . or Enter, or press ? or * to list all spells.
You don't have enough magic to cast this spell.
Unknown command.
Casting: Sting (safe; 4% risk of failure)
Confirm with . or Enter, or press ? or * to list all spells.
You don't have enough magic to cast this spell.
Magic courses through your body.
Casting: Sting (safe; 4% risk of failure)
Confirm with . or Enter, or press ? or * to list all spells.
Aiming: Sting (safe; 4% risk of failure)
Press: ? - help, Shift-Dir - straight line, f - hobgoblin
Aim: a hobgoblin (71% to hit)
The sting hits the hobgoblin.
The hobgoblin is poisoned.
The hobgoblin is almost dead.
The hobgoblin closely misses you.
Casting: Sting (safe; 4% risk of failure)
Confirm with . or Enter, or press ? or * to list all spells.
Aiming: Sting (safe; 4% risk of failure)
Press: ? - help, Shift-Dir - straight line, f/p - hobgoblin
Aim: a hobgoblin (almost dead, poisoned, 71% to hit)
The sting hits the hobgoblin.
The hobgoblin looks even sicker.
You kill the hobgoblin!
Robin misses you.
Casting: Sting (safe; 4% risk of failure)
Confirm with . or Enter, or press ? or * to list all spells.
Aiming: Sting (safe; 4% risk of failure)
Press: ? - help, Shift-Dir - straight line, f - Robin
Aim: Robin, wielding a +0 spear, wearing a +0 animal skin, wearing a +0 helmet and carrying a wand of flame (20) (severely wounded, very poisoned, 79% to hit)
The sting hits Robin.
Robin looks even sicker.
Robin is almost dead.
Robin zaps a wand.
The puff of flame hits you.
You die...

..####.....#......#
..####.###.#.####.#
...........#......#
<.#.....#######.#.#
..#(###....#....#.###
..#.# ##..#.####...#
..#.# ..# #.†..####
..#.# ...
#........... ....#
.... #@#.########
.#### .## #$#.# .#
#g#†# .# ....# .#
.....# .# #.....# .#
#.[...# .#######.#
......# .†........
##.....#


You could see Robin (very poisoned).

Vanquished Creatures
  A scorpion (D:2)
  Jessica (D:2)
  A gnoll (D:1)
  An adder (D:3)
  A ball python (D:2)
  7 bats
  2 endoplasms
  5 giant cockroaches
  10 goblins
  9 hobgoblins
  5 kobolds
  A quokka (D:1)
  4 frilled lizards
  2 rats
50 creatures vanquished.

Notes
Turn   | Place    | Note
-------+----------+-------------------------------------------
     0 | D:1      | lonewolfV2 the Felid Venom Mage began the quest for the
                  | Orb.
     0 | D:1      | Reached XP level 1. HP: 7/7 MP: 4/4
   260 | D:1      | Reached skill level 3 in Stealth
   260 | D:1      | Reached XP level 2. HP: 11/11 MP: 4/6
  1239 | D:2      | Reached XP level 3. HP: 14/14 MP: 3/7
  1615 | D:2      | Noticed a scorpion
  1628 | D:2      | Killed a scorpion
  1629 | D:2      | Reached XP level 4. HP: 18/18 MP: 3/8
  1755 | D:2      | Learned a level 2 spell: Poisonous Vapours
  2019 | D:2      | Noticed Jessica
  2038 | D:2      | Killed Jessica
  2096 | D:2      | Reached skill level 4 in Stealth
  2295 | D:3      | Noticed Robin
  2307 | D:3      | Reached XP level 5. HP: 9/21 MP: 3/10
  2309 | D:3      | Noticed Sigmund
  3006 | D:3      | Killed from afar by Sigmund
  3007 | D:3      | Reached XP level 4. HP: -7/18 MP: 9/9
  3137 | D:3      | Learned a level 4 spell: Olgreb's Toxic Radiance
  3246 | D:3      | Killed from afar by Robin

Illustrated notes

Levels and vault maps discovered:
D:1:      dpeg_arrival_court, layout_loops_ring
D:2:      layout_basic, nicolae_elevator_lobby_asterisk, uniq_jessica
D:3:      layout_loops_ring, old_standard_altar, uniq_sigmund,
          uniq_crazy_yiuf_cottage, uniq_robin

Skill      XL: |  1  2  3  4 |
---------------+-------------+-----
Stealth        | 3 4 |  4.0
Dodging        | 3 |  3.7
Poison Magic   | 3 |  3.7
Transmutations | 2 |  2.3
Spellcasting   | |  2.7

Action                   |  1- 3 |  4- 6 || total
-------------------------+-------+-------++-------
Melee: Unarmed           |     5 |     2 ||     7
       Bite              |     2 |       ||     2
 Cast: Sting             |    52 |    30 ||    82
       Poisonous Vapours |       |    14 ||    14
       Olgreb's Toxic Ra |       |     2 ||     2
  Use: Scroll            |     1 |       ||     1
       Potion            |       |     1 ||     1
Armor: Skin              |     3 |     2 ||     5
Dodge: Dodged            |    37 |    22 ||    59
